 Dungeon Crawl Stone Soup version 0.23-a0-407-g92528d7 (webtiles) character file.

5183 XanderDroid the Blocker (level 10, -9/63 HPs)
             Began as a Gargoyle Fighter on Nov 7, 2018.
             Was a Believer of Ashenzari.
             Mangled by a death yak (11 damage)
             ... on level 7 of the Dungeon.
             The game lasted 00:35:42 (9663 turns).

XanderDroid the Blocker (Gargoyle Fighter)          Turns: 9663, Time: 00:35:42

Health: -9/63      AC: 16    Str: 22    XL:     10   Next: 60%
Magic:  10/10      EV:  5    Int: 11    God:    Ashenzari [**....]
Gold:   222        SH: 12    Dex: 10    Spells: 9/9 levels left

rFire    . . .     SeeInvis .   v - +5 flail (crush)
rCold    . . .     Gourm    .   c - +0 shield
rNeg     + . .     Faith    .   m - +0 plate armour
rPois    ∞         Spirit   .   (no helmet)
rElec    +         Reflect  .   d - +0 cloak (curse)
rCorr    .         Harm     .   (no gloves)
MR       .....                  (no boots)
Stlth    ..........             (no amulet)
HPRegen  0.20/turn              (no ring)
MPRegen  0.12/turn              (no ring)

@: no status effects
A: talons 1, clever 1, deformed body, negative energy resistance 1, electricity
resistance, unbreathing, petrification resistance, rot immunity, AC +7
a: Curse Item, Scrying, Renounce Religion


You were on level 7 of the Dungeon.
You worshipped Ashenzari.
Ashenzari was pleased with you.
You were not hungry.

You visited 2 branches of the dungeon, and saw 9 of its levels.
You also visited: Ossuary.

You collected 508 gold pieces.
You spent 286 gold pieces at shops.

Inventory:

Hand Weapons
 v - a +5 flail of crushing (weapon)
Armour
 c - a +0 shield (worn)
 d - a cursed +0 cloak (worn)
 m - a +0 plate armour (worn)
Wands
 i - a wand of flame (3)
Scrolls
 g - 11 scrolls of remove curse
 j - 2 scrolls of immolation
 k - 2 scrolls of silence
 l - 3 scrolls of enchant armour
 n - a scroll of enchant weapon {unknown}
 p - 3 scrolls of fog
 t - 2 scrolls of teleportation
 u - a scroll of amnesia {unknown}
Potions
 a - 2 potions of might
 e - a potion of lignification
 h - 3 potions of haste
 o - 2 potions of curing
 q - a potion of invisibility
 s - a potion of agility
Comestibles
 f - 15 rations


   Skills:
 + Level 7.6 Fighting
 * Level 9.1 Maces & Flails
 + Level 7.5 Armour
 * Level 10.4 Shields


You had 9 spell levels left.
You didn't know any spells.
Your spell library contained the following spells:

 Spells                   Type           Power        Failure   Level  Hunger
 Animate Skeleton         Necr           N/A          100%        1    ##.....
 Apportation              Tloc           #.....       100%        1    ##.....
 Confusing Touch          Hex            #.....       100%        1    ##.....
 Sandblast                Erth           #.....       100%        1    ##.....
 Summon Small Mammal      Summ           #...         100%        1    ##.....
 Passwall                 Tmut/Erth      #.......     100%        2    ###....
 Stone Arrow              Conj/Erth      #.....       100%        3    ####...
 Petrify                  Tmut/Erth      #.......     100%        4    #####..
 Lee's Rapid Deconstruct  Erth           #.........   100%        5    ######.


Dungeon Overview and Level Annotations

Branches:
Dungeon (8/15)             Temple (1/1) D:7
   Lair: D:8-11

Altars:
Ashenzari
Cheibriados
Dithmenos
Elyvilon
Fedhas
Hepliaklqana
Kikubaaqudgha
Nemelex Xobeh
Okawaru
Qazlal
Sif Muna
Trog
Uskayaw
Vehumet
Wu Jian
Xom
Yredelemnul
Zin
The Shining One

Shops:
D:5 (   D:7 *


Innate Abilities, Weirdness & Mutations

You are resistant to torment.
Your stone body is resilient. (AC +7)
You are immune to poison.
You resist negative energy. (rN+)
You are resistant to electric shocks. (rElec)
You can survive without breathing.
You are immune to petrification.
You are immune to rotting.
You have sharp toenails.
Your mind is acute. (Int +2)
Armour fits poorly on your strangely shaped body.


Message History

You block the death yak's attack.
Your plate armour prevents you from hitting the death yak.
The death yak is heavily wounded.
The death yak gores you but does no damage.
You sock the death yak!
You claw the death yak, but do no damage.
The death yak is severely wounded.
The death yak gores you!
* * * LOW HITPOINT WARNING * * *
You sock the death yak!
The death yak is severely wounded.
The death yak gores you but does no damage.
You barely miss the death yak. Your kick misses the death yak.
The death yak is severely wounded.
The death yak gores you.
* * * LOW HITPOINT WARNING * * *
Your plate armour prevents you from hitting the death yak.
The death yak is severely wounded.
The death yak gores you!
You die...

#.#.....######.##........ ###
#.#.....#......##.#..#.## #.#
#.......#............#.#
#.####.....>........#..#....#
#........###.#.........#..#.#
#.####.........#............#
#.####...##....#.......#..#.#
#............[...<.....#..###
#.####.......@............#
#.# #......).Y...........#
#.#####..#....##..##.#.#.##
####..........##..##.....#
#..)..##........##.###.#
#.....##.#......##.###.##
#.##..##.#..............####
#.##)......................#
#.###....#..####...........#


You could see a death yak.

Vanquished Creatures
  Pikel (D:5)
  A hippogriff (D:6)
  Sigmund (D:4)
  7 humans (D:7)
  Eustachio (D:6)
  6 yaks (D:7)
  Edmund (D:6)
  A water moccasin (D:7)
  2 orc warriors
  A sky beast (D:8)
  A slave (D:5)
  2 ogres
  2 phantoms (D:4)
  A necrophage (D:6)
  2 centaurs
  A gnoll sergeant (D:6)
  4 bullfrogs
  4 killer bees (D:6)
  A howler monkey (D:5)
  A centaur zombie (D:8)
  A crimson imp (D:8)
  3 hounds
  2 centaur skeletons
  2 orc priests (D:4)
  A bullfrog skeleton (D:4)
  4 iguanas
  6 orc wizards
  2 worker ants (D:6)
  A hound skeleton (D:4)
  2 mummies (Ossuary)
  8 gnolls
  8 adders
  3 shadow imps (D:6)
  3 oozes
  An adder skeleton (D:6)
  An adder zombie (D:7)
  3 worms
  3 dart slugs
  6 leopard geckos
  7 orcs
  A giant cockroach (D:3)
  3 gnoll zombies (Ossuary)
  7 goblins
  6 hobgoblins
  12 jackals
  8 quokkas
  A ball python (D:1)
  10 bats
  6 frilled lizards
  A gnoll skeleton (Ossuary)
  3 goblin skeletons (Ossuary)
  2 goblin zombies (Ossuary)
  3 hobgoblin skeletons (Ossuary)
  2 hobgoblin zombies (Ossuary)
  8 kobolds
  2 kobold skeletons (Ossuary)
  A kobold zombie (Ossuary)
  A leopard gecko zombie (D:6)
  An orc skeleton (Ossuary)
  2 orc zombies (Ossuary)
  5 rats
  5 rat skeletons (Ossuary)
  3 rat zombies (Ossuary)
201 creatures vanquished.

Vanquished Creatures (others)
  Menkaure (Ossuary)
  3 slaves (D:6)
  A mummy (Ossuary)
  A gnoll skeleton (Ossuary)
  2 gnoll zombies (Ossuary)
  3 goblin skeletons (Ossuary)
  3 goblin zombies (Ossuary)
  4 hobgoblin skeletons (Ossuary)
  4 hobgoblin zombies (Ossuary)
  A kobold skeleton (Ossuary)
  A kobold zombie (Ossuary)
  An orc skeleton (Ossuary)
  An orc zombie (Ossuary)
  A rat zombie (Ossuary)
  10 fungi (D:5)
37 creatures vanquished.

Grand Total: 238 creatures vanquished

Notes
Turn   | Place    | Note
-------+----------+-------------------------------------------
     0 | D:1      | XanderDroid the Gargoyle Fighter began the quest for the
                  | Orb.
     0 | D:1      | Reached XP level 1. HP: 14/14 MP: 1/1
    36 | D:1      | Found a shattered altar of Ashenzari.
    60 | D:1      | Reached XP level 2. HP: 10/19 MP: 2/2
   260 | D:1      | Became a worshipper of Ashenzari the Shackled
   303 | D:1      | Reached XP level 3. HP: 17/23 MP: 3/3
   758 | D:2      | Reached skill level 4 in Shields
   853 | D:2      | Reached XP level 4. HP: 25/28 MP: 4/4
  1272 | D:2      | Gained mutation: Armour fits poorly on your strangely
                  | shaped body. [potion of mutation]
  1272 | D:2      | Gained mutation: Your mind is acute. (Int +2) [potion of
                  | mutation]
  1272 | D:2      | Gained mutation: You have sharp toenails. [potion of
                  | mutation]
  1919 | D:3      | Reached * piety under Ashenzari
  2586 | D:4      | Found a sand-covered staircase.
  2602 | Ossuary  | Entered an ossuary
  2780 | Ossuary  | Killed Menkaure
  2850 | Ossuary  | Reached XP level 5. HP: 33/33 MP: 5/5
  2990 | D:4      | Noticed a phantom
  3013 | D:4      | Killed a phantom
  3094 | D:4      | Reached skill level 5 in Shields
  3094 | D:4      | Reached XP level 6. HP: 15/38 MP: 6/6
  3275 | D:4      | Found a stormy altar of Qazlal.
  3568 | D:4      | Reached XP level 7. HP: 41/44 MP: 7/7
  3961 | D:4      | Noticed Sigmund
  3975 | D:4      | Killed Sigmund
  3975 | D:4      | Reached skill level 5 in Maces & Flails
  3975 | D:4      | Reached skill level 6 in Shields
  4249 | D:5      | Entered Level 5 of the Dungeon
  4333 | D:5      | Found a snail-covered altar of Cheibriados.
  4456 | D:5      | Found Vatest's Antique Weapon Emporium.
  4456 | D:5      | Reached ** piety under Ashenzari
  4720 | D:5      | Reached skill level 5 in Armour
  4727 | D:5      | Reached skill level 5 in Fighting
  4727 | D:5      | Reached XP level 8. HP: 49/49 MP: 8/8
  5004 | D:5      | Found a hazy altar of Hepliaklqana.
  5281 | D:5      | Bought a steaming hand axe for 240 gold pieces
  5434 | D:6      | Noticed Pikel
  5848 | D:5      | Killed Pikel
  5848 | D:5      | Reached skill level 7 in Shields
  6055 | D:6      | Reached XP level 9. HP: 55/55 MP: 9/9
  6067 | D:6      | Noticed Eustachio
  6096 | D:6      | Reached skill level 8 in Shields
  6167 | D:6      | Killed Eustachio
  6402 | D:6      | Found a blossoming altar of Fedhas.
  6405 | D:6      | Found a deep blue altar of Sif Muna.
  6405 | D:6      | Found a hide-covered altar of Uskayaw.
  6775 | D:6      | Noticed Edmund
  6781 | D:6      | Killed Edmund
  7471 | D:7      | Found Damul's Assorted Antiques.
  7514 | D:7      | Found a radiant altar of Vehumet.
  7545 | D:7      | Found a runed door.
  7809 | D:7      | Reached skill level 9 in Shields
  7919 | D:7      | Bought 2 black potions for 46 gold pieces
  8250 | D:7      | Found a staircase to the Ecumenical Temple.
  8403 | D:7      | Reached XP level 10. HP: 60/61 MP: 10/10
  8474 | D:7      | Reached skill level 10 in Shields
  8530 | Temple   | Entered the Ecumenical Temple
  9376 | D:8      | Noticed a death yak
  9377 | D:8      | Noticed a death yak
  9377 | D:8      | Noticed a death yak
  9660 | D:7      | HP: 3/63 [death yak (7)]
  9662 | D:7      | HP: 1/63 [death yak (2)]
  9663 | D:7      | Mangled by a death yak

Vault maps used:
D:1:      lightli_arrival_chessboard, kennysheep_nondescript, ashenzari_altar_1
D:3:      minmay_misc_feat_square
D:4:      old_standard_altar, nicolae_ossuary_entry_monument,
          minmay_misc_feat_secret_circle, uniq_sigmund
D:5:      kennysheep_little_box, slow_altar_1, first_ration, serial_aquarium,
          aquarium_bridge_square, aquarium_bridge_square, aquarium_window_1,
          aquarium_window_corner, aquarium_view_2c, aquarium_view_2c,
          aquarium_balcony_1b, serial_shops, kennysheep_mini
D:6:      chequers_temple_overflow_statue_of_worship, minivault_22,
          uniq_eustachio, uniq_pikel, uniq_edmund
D:7:      erik_cavepeople, nicolae_overflow_hidden_temple, temple_green,
          serial_shops, shop_statue
D:8:      dpeg_lair_monsters, uniq_harold
Temple:   minmay_temple_forest_path
Ossuary:  ossuary_due_pyramid

Skill      XL: |  1  2  3  4  5  6  7  8  9 10 |
---------------+-------------------------------+-----
Shields        | 4 5 6 7 9 10 | 10.4
Maces & Flails | 3 4 5 6 8 9 |  9.1
Fighting       | 4 5 6 7 |  7.6
Armour         | 4 5 6 7 |  7.5

Action                   |  1- 3 |  4- 6 |  7- 9 | 10-12 || total
-------------------------+-------+-------+-------+-------++-------
Melee: Flail             |    49 |       |    97 |   107 ||   253
       Whip              |    81 |   250 |   332 |       ||   663
       Kick              |       |    48 |   117 |    26 ||   191
Evoke: Wand              |       |       |       |     1 ||     1
  Use: Scroll            |       |    12 |     3 |     1 ||    16
       Potion            |       |     3 |     4 |     1 ||     8
  Eat: Chunk             |       |     6 |    11 |     2 ||    19
       Ration            |       |     1 |     1 |     1 ||     3
Armor: Scale mail        |   126 |   160 |   166 |       ||   452
       Skin              |       |     7 |       |       ||     7
       Plate armour      |       |       |    20 |    55 ||    75
Dodge: Dodged            |    64 |   104 |   134 |    14 ||   316
Block: Shield            |   120 |   147 |   221 |    57 ||   545

Table legend:
 A = Non-vault XP
 B = Vault XP
 C = Vault XP percentage of total XP
 D = Non-vault monster count
 E = Vault monster count
 F = Vault count percentage of total count
                 A         B        C        D         E       F
            +---------+---------+-------+---------+---------+-------
      Total |    3666 |    3739 |  50.5 |     147 |      45 |  23.4
            +---------+---------+-------+---------+---------+-------
        D:1 |      57 |       0 |   0.0 |      26 |       0 |   0.0
        D:2 |      74 |       0 |   0.0 |      28 |       0 |   0.0
        D:3 |       7 |       0 |   0.0 |       4 |       0 |   0.0
        D:4 |     647 |     227 |  26.0 |      21 |       1 |   4.5
        D:5 |     331 |     646 |  66.1 |      15 |       2 |  11.8
        D:6 |    1336 |     254 |  16.0 |      27 |       2 |   6.9
        D:7 |     771 |    2574 |  77.0 |      14 |      18 |  56.2
        D:8 |     443 |       0 |   0.0 |      12 |       0 |   0.0
    Ossuary |       0 |      38 | 100.0 |       0 |      22 | 100.0
            +---------+---------+-------+---------+---------+-------
